 Dungeon Crawl Stone Soup version 0.17-a0-1301-ga863c44 (webtiles) character file.

461 mmazing the Skirmisher (level 6, -5/57 HPs)
             Began as a Minotaur Berserker on June 8, 2015.
             Was a Priest of Trog.
             Slain by an ogre
             ... wielding a +0 giant club
              (16 damage)
             ... on level 4 of the Dungeon.
             The game lasted 00:32:42 (3416 turns).

mmazing the Skirmisher (Minotaur Berserker)         Turns: 3416, Time: 00:32:42

Health: -5/57      AC:  9    Str: 23    XL:     6   Next: 79%
Magic:  5/5        EV:  9    Int:  4    God:    Trog [***...]
Gold:   179        SH:  0    Dex: 10    Spells: 0 memorised, 5 levels left

rFire  . . .     SeeInvis .     y - +3 mace
rCold  . . .     Clarity  .     h - +0 chain mail
rNeg   . . .     SustAt   .     (no shield)
rPois  .         Gourm    .     (helmet restricted)
rElec  .         Spirit   .     (no cloak)
rCorr  .         Warding  .     (no gloves)
rMut   .         Stasis   .     (no boots)
MR     +....                    (no amulet)
Stlth  ..........               (no ring)
                                g - ring of protection from magic

@: hasted, very quick, somewhat resistant to hostile enchantments, extremely
unstealthy
A: retaliatory headbutt, horns 2
a: Burn Spellbooks, Berserk, Trog's Hand, Renounce Religion


You were on level 4 of the Dungeon.
You worshipped Trog.
Trog was most pleased with you.
You were not hungry.

You visited 1 branch of the dungeon, and saw 4 of its levels.
You also visited: Ossuary.

You collected 179 gold pieces.

Inventory:

Hand weapons
 y - a +3 mace (weapon)
Armour
 h - a +0 chain mail (worn)
Jewellery
 g - a ring of protection from magic (left hand)
Scrolls
 a - a scroll of identify
 b - 4 scrolls of recharging
 f - a scroll of fear {unknown}
 i - 3 scrolls of teleportation {unknown}
 j - a scroll of fog {unknown}
 k - a scroll of remove curse {unknown}
 l - a scroll of random uselessness {unknown}
 n - a scroll of noise {unknown}
 o - a scroll of magic mapping {unknown}
 q - 2 scrolls of blinking {unknown}
 r - 2 scrolls of torment {unknown}
 s - a scroll of immolation {unknown}
 w - a scroll of enchant weapon {unknown}
Potions
 d - a potion of flight
 m - a potion of mutation
 t - 2 potions of berserk rage
 u - 2 potions of invisibility {unknown}
 v - 3 potions of brilliance {unknown}
Comestibles
 c - 2 bread rations
 p - 2 royal jellies
 x - a beef jerky


   Skills:
 + Level 6.1 Fighting
 + Level 5.7 Maces & Flails
 + Level 4.7 Armour
 + Level 3.5 Dodging
 + Level 0.3 Stealth


You had 5 spell levels left.
You didn't know any spells.

Dungeon Overview and Level Annotations

Branches:
Dungeon (4/15)
 Temple: D:4-7

Altars:
Cheibriados
Okawaru
Sif Muna


Innate Abilities, Weirdness & Mutations

You reflexively headbutt those who attack you in melee.
You have a pair of horns on your head.


Message History

You barely miss the ogre.
The iguana bites you but does no damage.
The ogre closely misses you.
You hit the ogre.
The ogre is lightly wounded.
The iguana bites you.
You sock the ogre!
The ogre is heavily wounded.
The ogre hits you with a giant club!
The iguana bites you but does no damage.
You barely miss the ogre. You headbutt the ogre.
The ogre is severely wounded.
The ogre hits you with a giant club!! The iguana bites you!
* * * LOW HITPOINT WARNING * * *
The goblin hits you but does no damage.
Drink which item? (? for menu, Esc to quit)
You feel yourself speed up.
The iguana bites you but does no damage.
The ogre hits you with a giant club!
You die...

...........
##.#.## ..#
## .. .####
...#### #
..... .. .
#..##.#
....###@....+
......Olg...#
....#..g.##.#
## #....# #
#.[...
#......
..##.... ...
..... ....
......


You could see an ogre, an iguana, a hobgoblin and a goblin.

Vanquished Creatures
  Purgy (D:3)
  A scorpion (D:4)
  A centaur zombie (Ossuary)
  An orc priest (D:4)
  3 big kobold zombies (Ossuary)
  2 mummies (Ossuary)
  4 adders
  4 gnolls
  An ooze (D:3)
  An adder zombie (Ossuary)
  2 worms
  4 orcs (D:4)
  10 hobgoblins
  6 jackals
  8 kobolds
  A quokka (D:2)
  A ball python (D:1)
  13 bats
  3 giant cockroaches
  4 giant newts
  5 goblins
  A goblin zombie (Ossuary)
  9 hobgoblin zombies (Ossuary)
  A jackal zombie (Ossuary)
  13 kobold zombies (Ossuary)
  6 orc zombies (Ossuary)
  4 rats
  A rat zombie (Ossuary)
111 creatures vanquished.

Notes
Turn   | Place    | Note
--------------------------------------------------------------
     0 | D:1      | mmazing the Minotaur Berserker began the quest for the Orb.
     0 | D:1      | Reached XP level 1. HP: 19/19 MP: 0/0
   234 | D:1      | Reached skill level 4 in Fighting
   245 | D:1      | Reached XP level 2. HP: 25/27 MP: 1/1
   776 | D:2      | Found an iron altar of Okawaru.
   800 | D:2      | Acquired Trog's second power
   851 | D:2      | Reached XP level 3. HP: 34/34 MP: 2/2
  1362 | D:2      | Found a snail-covered altar of Cheibriados.
  1590 | D:3      | Noticed Purgy
  1604 | D:3      | Killed Purgy
  1604 | D:3      | Reached skill level 5 in Fighting
  1604 | D:3      | Reached XP level 4. HP: 37/42 MP: 3/3
  1604 | D:3      | Reached XP level 5. HP: 42/48 MP: 4/4
  2177 | D:4      | Found a sand-covered staircase.
  2183 | Ossuary  | Entered an ossuary
  2327 | Ossuary  | Reached skill level 5 in Maces & Flails
  2381 | Ossuary  | Reached XP level 6. HP: 16/56 MP: 5/5
  2861 | D:3      | Reached skill level 6 in Fighting
  3300 | D:3      | Found a deep blue altar of Sif Muna.
  3407 | D:4      | Noticed an ogre
  3416 | D:4      | Slain by an ogre

Vault maps used:
D:1:      elethiomel_arrival_fortress_basement
D:2:      cheibriados_altar_1, okawaru_metal_pillars_1_2, first_bread
D:3:      corexii_shack_village, lemuel_blue_sif_altar, uniq_purgy
D:4:      bloody_makhleb, nicolae_ossuary_entry_plus
Ossuary:  ossuary_tomb_1

Action                   |  1- 3 |  4- 6 || total
-------------------------+-------+-------++-------
Melee: Mace              |    98 |   182 ||   280
Invok: Berserk           |     1 |       ||     1
  Use: Scroll            |     1 |     5 ||     6
       Potion            |       |     1 ||     1
  Eat: Chunk             |     1 |     1 ||     2
       Pizza             |     1 |       ||     1
       Meat ration       |       |     1 ||     1
       Bread ration      |       |     1 ||     1
